TOP OF THE 1ST |
Plymouth Rocks batting - Pitching for Niagara Falls Frenzy : RHP Mark Head
|
Pitching: RHP Mark Head
|
|
Batting: LHB Roger Moore
|
0-0: Ball 1-0: Fly out, F8 (Flyball, 8RD)
|
Batting: RHB António Zúńiga
|
0-0: Called Strike 0-1: Ball 1-1: Ball 2-1: Foul Ball, location: 2F 2-2: SINGLE (Groundball, 56D)
|
Batting: LHB Roy Patrick
|
0-0: Foul Ball, location: 2F 0-1: Ball 1-1: Swinging Strike 1-2: Ball 2-2: Strikes out swinging
|
Batting: SHB Greg Welch
|
0-0: Ball 1-0: DOUBLE (Flyball, 7LD) António Zúńiga to third Runner from 3rd tries for Home, SAFE, no throw or cutoff
|
Batting: LHB Barrett Waters
|
0-0: Foul Ball, location: 2F 0-1: Ball 1-1: SINGLE (Groundball, 34D) Greg Welch to third Runner from 3rd tries for Home, SAFE, no throw or cutoff
|
Batting: RHB José Flores
|
0-0: Ball 1-0: Ball 2-0: Fly out, F9 (Flyball, 9LM)
|
Top of the 1st over - 2 run(s), 3 hit(s), 0 error(s), 1 left on base; Plymouth 2 - Niagara Falls 0 |
BOTTOM OF THE 1ST |
Niagara Falls Frenzy batting - Pitching for Plymouth Rocks : RHP José López
|
Pitching: RHP José López
|
|
Batting: SHB Martín De Jesús
|
0-0: Ball 1-0: Bunt missed! 1-1: Swinging Strike 1-2: Ball 2-2: Foul Ball, location: 2F 2-2: Strikes out swinging
|
Batting: RHB Zander Tremblett
|
0-0: Ball 1-0: Foul Ball, location: 2F 1-1: Foul Ball, location: 2F 1-2: Foul Ball, location: 2F 1-2: Ball 2-2: Strikes out swinging
|
Batting: LHB Clyde Yarbrough
|
0-0: Called Strike 0-1: Ball 1-1: SINGLE (Groundball, 6MD)
|
Batting: LHB Dante Owens
|
0-0: Ball 1-0: Called Strike 1-1: Ball 2-1: Swinging Strike 2-2: Ball 3-2: Ground out 4-3 (Groundball, 4)
|
Bottom of the 1st over - 0 run(s), 1 hit(s), 0 error(s), 1 left on base; Plymouth 2 - Niagara Falls 0 |
TOP OF THE 2ND |
Plymouth Rocks batting - Pitching for Niagara Falls Frenzy : RHP Mark Head
|
Batting: LHB Frank Geddes
|
0-0: Called Strike 0-1: Swinging Strike 0-2: Foul Ball, location: 2F 0-2: Ball 1-2: SOLO HOME RUN (Flyball, 9D), Distance : 386 ft
|
Batting: RHB Jorge Jiménez
|
0-0: Fly out, F8 (Flyball, 8RXD)
|
Batting: RHB Luis Sánchez
|
0-0: Fly out, F4 (Popup, 4D)
|
Batting: LHB Roger Moore
|
0-0: Called Strike 0-1: Ball 1-1: Called Strike 1-2: Strikes out swinging
|
Top of the 2nd over - 1 run(s), 1 hit(s), 0 error(s), 0 left on base; Plymouth 3 - Niagara Falls 0 |
BOTTOM OF THE 2ND |
Niagara Falls Frenzy batting - Pitching for Plymouth Rocks : RHP José López
|
Batting: RHB Lawrence Schroeder
|
0-0: Ball 1-0: Ground out 6-3 (Groundball, 56)
|
Batting: RHB Ángel Hinojosa
|
0-0: Ball 1-0: Ball 2-0: Fly out, F7 (Line Drive, 7M)
|
Batting: LHB Arturo López
|
0-0: SINGLE (Groundball, 34D)
|
Batting: RHB Santiago Zambrano
|
0-0: Ball 1-0: Called Strike 1-1: Foul Ball, location: 2F 1-2: SINGLE (Groundball, 13S) (infield hit) Arturo López to second
|
Batting: RHB Keitaro Suzuki
|
0-0: Swinging Strike 0-1: SINGLE (Groundball, 56D) Arturo López to third Santiago Zambrano to second Runner from 3rd tries for Home, SAFE, no throw or cutoff
|
Batting: SHB Martín De Jesús
|
0-0: Ball 1-0: Ball 2-0: Fly out, F5 (Popup, 5F)
|
Bottom of the 2nd over - 1 run(s), 3 hit(s), 0 error(s), 2 left on base; Plymouth 3 - Niagara Falls 1 |
TOP OF THE 3RD |
Plymouth Rocks batting - Pitching for Niagara Falls Frenzy : RHP Mark Head
|
Batting: RHB António Zúńiga
|
0-0: Ball 1-0: Called Strike 1-1: Foul Ball, location: 2F 1-2: Ball 2-2: Ground out 5-3 (Groundball, 5S)
|
Batting: LHB Roy Patrick
|
0-0: Ball 1-0: Fly out, F9 (Flyball, 89S)
|
Batting: SHB Greg Welch
|
0-0: Ball 1-0: Foul Ball, location: 2F 1-1: Fly out, F8 (Flyball, 78XD)
|
Top of the 3rd over - 0 run(s), 0 hit(s), 0 error(s), 0 left on base; Plymouth 3 - Niagara Falls 1 |
BOTTOM OF THE 3RD |
Niagara Falls Frenzy batting - Pitching for Plymouth Rocks : RHP José López
|
Batting: RHB Zander Tremblett
|
0-0: Ball 1-0: Ball 2-0: Swinging Strike 2-1: Ball 3-1: Foul Ball, location: 2F 3-2: Base on Balls
|
Batting: LHB Clyde Yarbrough
|
0-0: Ball 1-0: Called Strike 1-1: Called Strike 1-2: Fielders Choice at 2nd, U4 (Groundball, 4M)
|
Batting: LHB Dante Owens
|
0-0: Called Strike 0-1: Foul Ball, location: 2F 0-2: Foul Ball, location: 2F 0-2: Foul Ball, location: 2F 0-2: Ball Clyde Yarbrough steals 2nd base 1-2: Ball 2-2: Ball 3-2: Foul Ball, location: 2F 3-2: Ground out 4-3 (Groundball, 4D) Clyde Yarbrough to third
|
Batting: RHB Lawrence Schroeder
|
0-0: Ball 1-0: Ball 2-0: Ball 3-0: Ground out 6-3 (Groundball, 6)
|
Bottom of the 3rd over - 0 run(s), 0 hit(s), 0 error(s), 1 left on base; Plymouth 3 - Niagara Falls 1 |
TOP OF THE 4TH |
Plymouth Rocks batting - Pitching for Niagara Falls Frenzy : RHP Mark Head
|
Batting: LHB Barrett Waters
|
0-0: Ball 1-0: Ground out 4-3 (Groundball, 34)
|
Batting: RHB José Flores
|
0-0: Called Strike 0-1: Foul Ball, location: 2F 0-2: Ball 1-2: Strikes out swinging
|
Batting: LHB Frank Geddes
|
0-0: Ball 1-0: Called Strike 1-1: Swinging Strike 1-2: Ball 2-2: Strikes out swinging
|
Top of the 4th over - 0 run(s), 0 hit(s), 0 error(s), 0 left on base; Plymouth 3 - Niagara Falls 1 |
BOTTOM OF THE 4TH |
Niagara Falls Frenzy batting - Pitching for Plymouth Rocks : RHP José López
|
Batting: RHB Ángel Hinojosa
|
0-0: Called Strike 0-1: Ball 1-1: Called Strike 1-2: Strikes out looking
|
Batting: LHB Arturo López
|
0-0: Ball 1-0: Called Strike 1-1: Ball 2-1: Called Strike 2-2: Foul Ball, location: 2F 2-2: Ground out 6-3 (Groundball, 6)
|
Batting: RHB Santiago Zambrano
|
0-0: Ground out 1-3 (Groundball, 3S)
|
Bottom of the 4th over - 0 run(s), 0 hit(s), 0 error(s), 0 left on base; Plymouth 3 - Niagara Falls 1 |
TOP OF THE 5TH |
Plymouth Rocks batting - Pitching for Niagara Falls Frenzy : RHP Mark Head
|
Batting: RHB Jorge Jiménez
|
0-0: Ball 1-0: Ball 2-0: Called Strike 2-1: Foul Ball, location: 2F 2-2: Ground out 5-3 (Groundball, 56)
|
Batting: RHB Luis Sánchez
|
0-0: Ball 1-0: Ball 2-0: Called Strike 2-1: Swinging Strike 2-2: Ball 3-2: Ground out 6-3 (Groundball, 6)
|
Batting: LHB Roger Moore
|
0-0: Foul Ball, location: 2F 0-1: Ball 1-1: Ball 2-1: SINGLE (Groundball, 3D)
|
Batting: RHB António Zúńiga
|
0-0: Ball 1-0: Ball 2-0: Ball 3-0: Called Strike 3-1: Fly out, F8 (Flyball, 8RXD)
|
Top of the 5th over - 0 run(s), 1 hit(s), 0 error(s), 1 left on base; Plymouth 3 - Niagara Falls 1 |
BOTTOM OF THE 5TH |
Niagara Falls Frenzy batting - Pitching for Plymouth Rocks : RHP José López
|
Batting: RHB Keitaro Suzuki
|
0-0: Ball 1-0: Ground out 5-3 (Groundball, 56)
|
Batting: SHB Martín De Jesús
|
0-0: Ball 1-0: Ball 2-0: SINGLE (Groundball, 4MD)
|
Batting: RHB Zander Tremblett
|
0-0: Ball 1-0: Grounds into double play, U6-3 (Groundball, 6)
|
Bottom of the 5th over - 0 run(s), 1 hit(s), 0 error(s), 0 left on base; Plymouth 3 - Niagara Falls 1 |
TOP OF THE 6TH |
Plymouth Rocks batting - Pitching for Niagara Falls Frenzy : RHP Mark Head
|
Batting: LHB Roy Patrick
|
0-0: Ball 1-0: Ball 2-0: Ball 3-0: Foul Ball, location: 2F 3-1: Foul Ball, location: 2F 3-2: Base on Balls
|
Batting: SHB Greg Welch
|
0-0: Grounds into double play, 3-6-3 (Groundball, 3)
|
Batting: LHB Barrett Waters
|
0-0: SINGLE (Line Drive, 4MD)
|
Batting: RHB José Flores
|
0-0: Ball 1-0: Called Strike 1-1: Foul Ball, location: 2F 1-2: Ball Barrett Waters steals 2nd base 2-2: Ball 3-2: Foul Ball, location: 2F 3-2: Foul Ball, location: 2F 3-2: DOUBLE (Line Drive, 7D) Barrett Waters scores
|
Batting: LHB Frank Geddes
|
0-0: Called Strike 0-1: Foul Ball, location: 2F 0-2: Ball 1-2: Ball 2-2: Foul Ball, location: 2F 2-2: Ball 3-2: Foul Ball, location: 2F 3-2: Foul Ball, location: 2F 3-2: Base on Balls
|
Pitching: RHP Ed Jones
|
|
Batting: RHB Jorge Jiménez
|
0-0: Foul Ball, location: 2F 0-1: Called Strike 0-2: Ball 1-2: Ball 2-2: Fly out, F1 (Line Drive, 15S)
|
Top of the 6th over - 1 run(s), 2 hit(s), 0 error(s), 2 left on base; Plymouth 4 - Niagara Falls 1 |
BOTTOM OF THE 6TH |
Niagara Falls Frenzy batting - Pitching for Plymouth Rocks : RHP José López
|
Batting: LHB Clyde Yarbrough
|
0-0: Called Strike 0-1: Foul Ball, location: 2F 0-2: Ball 1-2: Ball 2-2: Foul Ball, location: 2F 2-2: Foul Ball, location: 2F 2-2: Foul Ball, location: 2F 2-2: Foul Ball, location: 2F 2-2: Foul Ball, location: 2F 2-2: Ball 3-2: DOUBLE (Flyball, 89XD)
|
Batting: LHB Dante Owens
|
0-0: Called Strike 0-1: Ball 1-1: Foul Ball, location: 2F 1-2: Foul Ball, location: 2F 1-2: Fly out, F8 (Line Drive, 8RS)
|
Batting: RHB Lawrence Schroeder
|
0-0: Ball 1-0: Called Strike 1-1: Called Strike 1-2: Ball 2-2: Foul Ball, location: 2F 2-2: Foul Ball, location: 2F 2-2: Strikes out swinging
|
Batting: RHB Ángel Hinojosa
|
0-0: Ball 1-0: Ground out 5-3 (Groundball, 56S)
|
Bottom of the 6th over - 0 run(s), 1 hit(s), 0 error(s), 1 left on base; Plymouth 4 - Niagara Falls 1 |
TOP OF THE 7TH |
Plymouth Rocks batting - Pitching for Niagara Falls Frenzy : RHP Ed Jones
|
Batting: RHB Luis Sánchez
|
0-0: Ball 1-0: Ball 2-0: Foul Ball, location: 2F 2-1: Foul Ball, location: 2F 2-2: Foul Ball, location: 2F 2-2: Ball 3-2: Ground out 6-3 (Groundball, 6M)
|
Batting: LHB Roger Moore
|
0-0: Ball 1-0: Ball 2-0: Ball 3-0: Called Strike 3-1: Foul Ball, location: 2F 3-2: Foul Ball, location: 2F 3-2: Base on Balls
|
Batting: RHB António Zúńiga
|
0-0: Ball 1-0: Ball Roger Moore is caught stealing 2nd base 2-0: Called Strike 2-1: DOUBLE (Line Drive, 89XD)
|
Batting: LHB Roy Patrick
|
0-0: Ball 1-0: Called Strike 1-1: Swinging Strike 1-2: 2-RUN HOME RUN (Flyball, 8RXD), Distance : 419 ft
|
Batting: SHB Greg Welch
|
0-0: Called Strike 0-1: Ground out 5-3 (Groundball, 56)
|
Top of the 7th over - 2 run(s), 2 hit(s), 0 error(s), 0 left on base; Plymouth 6 - Niagara Falls 1 |
BOTTOM OF THE 7TH |
Niagara Falls Frenzy batting - Pitching for Plymouth Rocks : RHP José López
|
Pitching: RHP Lorenzo Ramos
|
|
Batting: LHB Arturo López
|
0-0: Called Strike 0-1: Ball 1-1: SINGLE (Line Drive, 7S)
|
Batting: RHB Santiago Zambrano
|
0-0: Foul Ball, location: 2F 0-1: Fly out, F6 (Popup, 7LS)
|
Batting: RHB Keitaro Suzuki
|
0-0: Ball 1-0: Foul Ball, location: 2F 1-1: Ball 2-1: Called Strike 2-2: Ball 3-2: Strikes out swinging
|
Batting: SHB Martín De Jesús
|
0-0: Foul Ball, location: 2F 0-1: Ball 1-1: Ball 2-1: Called Strike 2-2: Ball 3-2: Foul Ball, location: 2F 3-2: Strikes out looking
|
Bottom of the 7th over - 0 run(s), 1 hit(s), 0 error(s), 1 left on base; Plymouth 6 - Niagara Falls 1 |
TOP OF THE 8TH |
Plymouth Rocks batting - Pitching for Niagara Falls Frenzy : RHP Ed Jones
|
Batting: LHB Barrett Waters
|
0-0: Ball 1-0: Ball 2-0: SOLO HOME RUN (Flyball, 9LD), Distance : 380 ft
|
Pitching: LHP António Bueno
|
|
Batting: RHB José Flores
|
0-0: Called Strike 0-1: Foul Ball, location: 2F 0-2: Ground out 4-3 (Groundball, 4)
|
Batting: LHB Frank Geddes
|
0-0: Ball 1-0: Ball 2-0: Called Strike 2-1: Foul Ball, location: 2F 2-2: Strikes out swinging
|
Batting: RHB Jorge Jiménez
|
0-0: Ground out 6-3 (Groundball, 6)
|
Top of the 8th over - 1 run(s), 1 hit(s), 0 error(s), 0 left on base; Plymouth 7 - Niagara Falls 1 |
BOTTOM OF THE 8TH |
Niagara Falls Frenzy batting - Pitching for Plymouth Rocks : RHP Lorenzo Ramos
|
Now at 1B: Júlio Negrón
|
|
Batting: RHB Zander Tremblett
|
0-0: Ball 1-0: Foul Ball, location: 2F 1-1: Foul Ball, location: 2F 1-2: Ball 2-2: Strikes out swinging
|
Batting: LHB Clyde Yarbrough
|
0-0: Ball 1-0: Called Strike 1-1: Swinging Strike 1-2: Ball 2-2: Ball 3-2: Strikes out swinging
|
Batting: LHB Dante Owens
|
0-0: Ball 1-0: Called Strike 1-1: Called Strike 1-2: Ball 2-2: Foul Ball, location: 2F 2-2: Foul Ball, location: 2F 2-2: Ball 3-2: Foul Ball, location: 2F 3-2: Ground out 4-3 (Groundball, 34)
|
Bottom of the 8th over - 0 run(s), 0 hit(s), 0 error(s), 0 left on base; Plymouth 7 - Niagara Falls 1 |
TOP OF THE 9TH |
Plymouth Rocks batting - Pitching for Niagara Falls Frenzy : LHP António Bueno
|
Batting: RHB Luis Sánchez
|
0-0: Ball 1-0: Ball 2-0: Ball 3-0: Called Strike 3-1: SINGLE (Line Drive, 6MD)
|
Batting: LHB Roger Moore
|
0-0: Fly out, F9 (Flyball, 9D) Runner from 1st tags up, SAFE at 2nd
|
Batting: RHB António Zúńiga
|
0-0: Ball 1-0: Ball 2-0: Swinging Strike 2-1: Fly out, F9 (Flyball, 9LD) Runner from 2nd tags up, SAFE at 3rd, no throw
|
Batting: LHB Roy Patrick
|
0-0: Called Strike 0-1: Swinging Strike 0-2: Ball 1-2: Foul Ball, location: 2F 1-2: Ball Wild Pitch! Luis Sánchez scores 2-2: Foul Ball, location: 2F 2-2: Strikes out looking
|
Top of the 9th over - 1 run(s), 1 hit(s), 0 error(s), 0 left on base; Plymouth 8 - Niagara Falls 1 |
BOTTOM OF THE 9TH |
Niagara Falls Frenzy batting - Pitching for Plymouth Rocks : RHP Lorenzo Ramos
|
Batting: RHB Lawrence Schroeder
|
0-0: Swinging Strike 0-1: Ball 1-1: Foul Ball, location: 2F 1-2: Strikes out swinging
|
Pitching: RHP Jean Burrows
|
|
Batting: RHB Ángel Hinojosa
|
0-0: Swinging Strike 0-1: Swinging Strike 0-2: Ball 1-2: Strikes out swinging
|
Batting: LHB Arturo López
|
0-0: Ground out 3-1 (Groundball, 34S)
|
Bottom of the 9th over - 0 run(s), 0 hit(s), 0 error(s), 0 left on base; Plymouth 8 - Niagara Falls 1 |
|